 Dungeon Crawl Stone Soup version 0.29-a0-824-gd827844252 (webtiles) character file.

Game seed: 6599673042664000332

182 Malachi the Shooter (level 5, 0/34 HPs)
             Began as an Octopode Hunter on July 10, 2022.
             Succumbed to an adder's poison
             ... in a sewer.
             The game lasted 00:03:33 (3297 turns).

Malachi the Shooter (Octopode Hunter)               Turns: 3297, Time: 00:03:34

Health: 0/34       AC:  1    Str: 16    XL:     5   Next: 62%
Magic:  5/5        EV: 14    Int: 12    God:
Gold:   134        SH:  0    Dex: 21    Spells: 4/4 levels left

rFire   . . .      SeeInvis .   r - +6 sling of Bigi {speed, Will+ Dex+4}
rCold   + . .      Faith    .   (no shield)
rNeg    . . .      Spirit   .   (helmet restricted)
rPois   .          Reflect  .   (no amulet)
rElec   .          Harm     .   j - +6 ring of strength
rCorr   +          Rampage  .   n - ring of resist corrosion
Will    +....                   (no ring)
Stlth   ++++......              (no ring)
HPRegen 0.11/turn               (no ring)
MPRegen 0.09/turn               (no ring)
                                (no ring)
                                (no ring)

@: lethally poisoned (0 -> -4)
A: almost no armour, amphibious, 8 rings, camouflage 1, gelatinous body 1,
nimble swimmer 1, tentacles, tentacle spike 1, cold resistance 1
a: no special abilities


You were in a sewer.
You visited 1 branch of the dungeon, and saw 4 of its levels.
You also visited: Sewer.

You collected 134 gold pieces.

Inventory:

Hand Weapons
 a - a +0 shortbow
 f - a +2 dagger of speed
 r - the +6 sling of Bigi (weapon) {speed, Will+ Dex+4}
   (You found it on level 4 of the Dungeon)

   Attacks with this weapon are significantly faster.
   Dex:       It affects your dexterity (+4).
   Will:      It increases your willpower.
Missiles
 s - 5 javelins
Jewellery
 j - a +6 ring of strength (left tentacle)
 n - a ring of resist corrosion (right tentacle)
Wands
 l - a wand of polymorph (7)
Scrolls
 b - 2 scrolls of immolation
 e - a scroll of identify
 o - a scroll of vulnerability
Potions
 h - a potion of might {unknown}
 i - a potion of haste {unknown}
 k - a potion of magic {unknown}
 m - a potion of attraction {unknown}


   Skills:
 - Level 2.0 Fighting
 * Level 6.5 Ranged Weapons
 * Level 2.5 Dodging
 - Level 1.3 Stealth


You had 4 spell levels left.
You didn't know any spells.
Your spell library contained the following spells:

 Spells                   Type           Power      Damage    Failure   Level
 Summon Forest            Summ/Tloc      0%         N/A       100%        5
 Summon Mana Viper        Hex/Summ       0%         N/A       100%        5
 Summon Cactus Giant      Summ           0%         N/A       100%        6
 Borgnjor's Revivificati  Necr           0%         N/A       100%        8
 Necromutation            Tmut/Necr      0%         N/A       100%        8
 Death's Door             Necr           0%         N/A       100%        9


Dungeon Overview and Level Annotations

Branches:
Dungeon (4/15)              Sewer (1/1)
 Temple: D:4-7

Altars:

Annotations:
D:2 exclusion: ogre


Innate Abilities, Weirdness & Mutations

You cannot wear most types of armour.
You are amphibious.
You can wear up to eight rings at the same time.
Your skin changes colour to match your surroundings (Stealth+).
Your rubbery body absorbs attacks. (AC +1, EV +1)
You are camouflaged when in or above water. (Stealth+)
You have tentacles for arms and can constrict up to eight enemies at once.
One of your tentacles bears a spike.
Your flesh is cold resistant. (rC+)


Message History

Unknown command.
Really read the scroll of immolation?
As you read the scroll of immolation, it crumbles to dust.
The creatures around you are filled with an inner flame!
The adder closely misses you. The rat bites you.
The ball python barely misses you. The ball python constricts you.
The adder bites you. The frilled lizard bites you.
Unknown command.
Fire: r) +6 sling of Bigi {speed, Will+ Dex+4}
Press: ? - help, Q - select action, (/) - cycle Shift-Dir - straight line, f/p - adder
Aim: an adder (water, severely wounded, inner flame, 56% to hit)
You shoot a sling bullet. The sling bullet misses the adder.
The ball python closely misses you. The ball python constricts you.
The rat barely misses you. The adder bites you.
* * * LOW HITPOINT WARNING * * *
You are poisoned.
The adder poisons you!
Really attack while wielding the +6 sling of Bigi {speed, Will+ Dex+4}?
Okay, then.
Really attack while wielding the +6 sling of Bigi {speed, Will+ Dex+4}?
Okay, then.
Really attack while wielding the +6 sling of Bigi {speed, Will+ Dex+4}?
Okay, then.
Unknown command.
It was a potion of mutation.
You feel extremely strange.
One of your lower tentacles grows a sharp spike.
You feel resistant to cold.
* * * LOW HITPOINT WARNING * * *
You feel sick. The frilled lizard misses you.
The ball python bites you but does no damage.
The ball python constricts you.
* * * LOW HITPOINT WARNING * * *
The adder bites you.
* * * LOW HITPOINT WARNING * * *
The rat bites you.
* * * LOW HITPOINT WARNING * * *
You escape the ball python's grasp.
The adder attacks as you move away! The adder bites you.
* * * LOW HITPOINT WARNING * * *
You die...

#∩..## ####
###..#####..∩ r.#
##..##...# ##.
....##.......## ##...
..............##.....
.....................
.....................
.....................
...........≈@r†≈≈≈≈≈≈
≈≈≈.......≈≈S≈≈≈≈≈≈≈≈
≈≈≈≈≈≈≈≈≈≈≈≈≈lS≈≈≈≈≈≈
≈≈≈≈≈≈≈≈≈≈≈r≈≈≈≈≈≈≈≈≈
.........rr≈r≈≈≈≈≈≈≈
..........rrrr.##≈≈
...............# #
........##.....#
......# ......


You could see an adder (inner flame), a ball python (inner flame), a frilled
lizard (inner flame) and 9 rats.

Vanquished Creatures
  Jessica (D:2)
  Natasha (twice) (D:2)
  Robin (D:2)
  An adder (D:2)
  2 river rats (Sewer)
  A dart slug (D:2)
  7 ball pythons
  2 endoplasms
  5 giant cockroaches
  9 goblins
  8 hobgoblins
  A kobold (D:3)
  4 quokkas (D:4)
  13 bats
  2 frilled lizards (D:2)
  4 rats
63 creatures vanquished.

Notes
Turn   | Place    | Note
-------+----------+-------------------------------------------
     0 | D:1      | Malachi the Octopode Hunter began the quest for the Orb.
     0 | D:1      | Reached XP level 1. HP: 14/14 MP: 1/1
    99 | D:1      | Reached XP level 2. HP: 17/19 MP: 2/2
  1076 | D:2      | Noticed Robin
  1575 | D:2      | Noticed Jessica
  1577 | D:2      | Killed Jessica
  1578 | D:2      | Reached skill level 5 in Ranged Weapons
  1578 | D:2      | Reached XP level 3. HP: 24/24 MP: 3/3
  1828 | D:2      | Noticed Natasha
  1833 | D:2      | Killed Natasha
  1834 | D:2      | Reached XP level 4. HP: 26/29 MP: 4/4
  1860 | D:2      | Noticed an ogre
  2503 | D:2      | Noticed Natasha
  2516 | D:2      | Killed Natasha
  2517 | D:2      | Reached skill level 6 in Ranged Weapons
  2517 | D:2      | Reached XP level 5. HP: 19/34 MP: 5/5
  2816 | D:2      | Killed Robin
  3188 | D:4      | Identified the +6 sling of Bigi {speed, Will+ Dex+4}
  3242 | D:4      | Found a glowing drain.
  3261 | Sewer    | Entered a sewer
  3296 | Sewer    | Gained mutation: One of your tentacles bears a spike.
                  | [potion of mutation]
  3296 | Sewer    | Gained mutation: Your flesh is cold resistant. (rC+)
                  | [potion of mutation]
  3297 | Sewer    | HP: 1/34 [adder (2)]
  3297 | Sewer    | Succumbed to an adder's poison

Illustrated notes

Levels and vault maps discovered:
D:1:      eino_arrival_cavern_e, layout_basic
D:2:      layout_loops_corners, uniq_jessica, uniq_robin, uniq_natasha
D:3:      layout_loops_corners, grunt_decor_arrowhead, minmay_between,
          uniq_sigmund
D:4:      layout_rooms, gup_sewer_entry_pipe, uniq_grinder
Sewer:    sewer_minmay_treatment

Skill      XL: |  1  2  3  4 |
---------------+-------------+-----
Ranged Weapons | 5 6 |  6.5
Fighting       | |  2.0
Dodging        | |  2.5
Stealth        | |  1.3

Action                   |  1- 3 |  4- 6 || total
-------------------------+-------+-------++-------
Melee: Dagger            |    20 |       ||    20
       Tentacles         |     3 |       ||     3
       Constrict         |     2 |       ||     2
 Fire: Shortbow          |    43 |    63 ||   106
       Sling             |       |    43 ||    43
  Use: Scroll            |       |     5 ||     5
       Potion            |       |     2 ||     2
 Stab: Sleeping          |     6 |       ||     6
Armor: Skin              |     3 |     3 ||     6
Dodge: Dodged            |    24 |    37 ||    61

Table legend: (Time is in decaauts)
 A = Elapsed time spent in this place.
 B = Non-inter-level travel time spent in this place.
 C = Inter-level travel time spent in this place.
 D = Time resting spent in this place.
 E = Time spent auto-exploring this place.
 F = Levels seen in this place.
 G = Mean time per level.
                   A        B        C        D        E       F      G
               +--------+--------+--------+--------+--------+-----+--------+
         Total |   3307 |   3184 |    123 |    874 |   1895 |   5 |  661.4 |
       Dungeon |   3278 |   3155 |    123 |    874 |   1895 |   4 |  819.5 |
         Sewer |     29 |     29 |      0 |      0 |      0 |   1 |   29.0 |
               +--------+--------+--------+--------+--------+-----+--------+

Top non-repeatable levels by time:
     D:2: 1535 daAuts
     D:1: 1445 daAuts
     D:3: 220 daAuts
     D:4: 77 daAuts
   Sewer: 29 daAuts
